 Dungeon Crawl Stone Soup version 0.24.0-124-g2791043dd8 (webtiles) character file.

Game seed: 15368772095024790131, levelgen mode: deterministic

3730 Plasmagod the Grappler (level 9, -15/84 HPs)
             Began as a Troll Berserker on Feb 14, 2020.
             Was a High Priest of Trog.
             Hit by a large rock thrown by a cyclops (28 damage)
             ... on level 8 of the Dungeon.
             The game lasted 00:41:42 (4941 turns).

Plasmagod the Grappler (Troll Berserker)            Turns: 4941, Time: 00:41:42

Health: -15/84     AC:  8    Str: 29    XL:     9   Next: 92%
Magic:  1/8        EV: 13    Int:  3    God:    Trog [*****.]
Gold:   227        SH:  0    Dex: 16    Spells: 8/8 levels left

rFire    . . .     SeeInvis +     - Unarmed
rCold    . . .     Gourm    +   (no shield)
rNeg     . . .     Faith    .   v - +0 robe of Fanaticism {Str+2 Dex+6}
rPois    .         Spirit   .   x - +2 hat
rElec    .         Reflect  .   (no cloak)
rCorr    .         Harm     .   (gloves unavailable)
MR       ++...                  (boots unavailable)
Stlth    ++........             (no amulet)
HPRegen  1.64/turn              (no ring)
MPRegen  0.11/turn              (no ring)

@: berserk cooldown, regenerating, slowed, very slow
A: large, unfitting armour, claws 3, horns 1, talons 1, see invisible, fast
metabolism 3, gourmand, regeneration 1, shaggy fur 1, tough skin 3, weak 1
a: Berserk, Trog's Hand, Brothers in Arms, Renounce Religion


You were on level 8 of the Dungeon.
You worshipped Trog.
Trog was extremely pleased with you.
You were very full.

You visited 1 branch of the dungeon, and saw 8 of its levels.
You visited the Abyss 1 time.

You collected 227 gold pieces.

Inventory:

Armour
 a - a +0 animal skin
 v - the +0 robe of Fanaticism (worn) {Str+2 Dex+6}
   (You found it on level 7 of the Dungeon)

   It affects your strength (+2).
   It affects your dexterity (+6).
 x - a +2 hat (worn)
Jewellery
 i - an uncursed amulet of the gourmand
Wands
 p - a wand of paralysis (6)
 w - a wand of iceblast (10)
 y - a wand of enslavement (8)
 A - a wand of flame (18)
Scrolls
 c - 4 scrolls of enchant weapon
 d - 2 scrolls of noise {unknown}
 e - a scroll of brand weapon {unknown}
 f - 2 scrolls of remove curse
 j - a scroll of magic mapping {unknown}
 k - 7 scrolls of identify
 l - 2 scrolls of fog
 m - 2 scrolls of amnesia
 q - a scroll of immolation {unknown}
 s - a scroll of torment {unknown}
 t - a scroll of blinking {unknown}
 u - a scroll of teleportation {unknown}
Potions
 g - 3 potions of haste
 h - 4 potions of curing
 o - a potion of heal wounds {unknown}
 z - a potion of brilliance {unknown}
Comestibles
 b - 22 rations
 r - 5 chunks of flesh


   Skills:
 + Level 4.2 Fighting
 + Level 5.3 Dodging
 + Level 3.3 Stealth
 + Level 11.3 Unarmed Combat


You had 8 spell levels left.
You didn't know any spells.
Your spell library contained the following spells:

 Spells                   Type           Power        Failure   Level  Hunger
 Magic Dart               Conj           #...         52%         1    ##.....
 Blink                    Tloc           N/A          67%         2    ###....
 Call Imp                 Summ           #.......     67%         2    ###....
 Slow                     Hex            #.......     67%         2    ###....
 Conjure Flame            Conj/Fire      #.......     88%         3    ####...
 Mephitic Cloud           Conj/Pois/Air  #.......     88%         3    ####...


Dungeon Overview and Level Annotations

Branches:
Dungeon (8/15)             Temple (0/1) D:5
   Lair: D:8-11

Altars:
Dithmenos
Fedhas
Makhleb
Qazlal
The Shining One


Innate Abilities, Weirdness & Mutations

You are too large for most types of armour.
You have claws for hands.
Your metabolism is lightning-fast.
You like to eat raw meat.
Your natural rate of healing is unusually fast.
You are covered in fur. (AC +1)
You have extremely tough skin. (AC +3)
You have a pair of small horns on your head.
You have sharp toenails.
You have supernaturally acute eyesight. (SInv)
You are weak. (Str -2)


Message History

You feel yourself slow down.
The orc warrior shouts!
The orc shouts!
You hear a shout!
You claw the orc!
You kill the orc!
Trog accepts your kill. The yak closely misses you.
Your skin crawls.
You feel resistant to hostile enchantments.
You feel somewhat less full. The yak closely misses you.
The yak completely misses you.
You scratch the yak but do no damage. You claw the yak, but do no damage.
You headbutt the yak, but do no damage. Your claw misses the yak.
The orc warrior barely misses you. The yak gores you!
* * * LOW HITPOINT WARNING * * *
You scratch the yak. You headbutt the yak.
The yak is lightly wounded.
The orc warrior hits you from afar with a +0 trident!
* * * LOW HITPOINT WARNING * * *
The cyclops throws a large rock.
The large rock hits you!!
You die...

..................
##.....)...#
##..###.###..#
########..##..)..#
##........##.)#)#..##
#
#..########..##(##..#
.# #..# .
#.h#.(.†.#..#
.####..#
....#.##.....##.#
.......#
#..o)@..........
.....#.#
#.##.##YC...##.#.
.....#.# # #.....# #
<......# .##.##..
......## #. #.# .##
.#...## ## .. #
.#..## .## .#..#
.#..#


You could see a cyclops, a yak and an orc warrior.

Vanquished Creatures
  A glowing orange brain (Abyss:1)
  A silent spectre (Abyss:1)
  A vampire mosquito (D:8)
  A hungry ghost (D:8)
  Edmund (D:4)
  A water moccasin (D:8)
  2 sky beasts
  An eye of draining (D:8)
  9 ogres
  2 orc warriors (D:7)
  2 phantoms
  A centaur (D:8)
  A big kobold (D:8)
  A bullfrog (D:6)
  3 crimson imps
  2 howler monkeys (D:7)
  A centaur zombie (D:8)
  5 hounds
  Crazy Yiuf (D:5)
  2 orc priests
  5 orc wizards
  An iguana (D:8)
  A worker ant (D:5)
  A killer bee zombie (D:5)
  A howler monkey zombie (D:6)
  A worker ant zombie (D:8)
  5 gnolls
  6 adders
  3 shadow imps
  2 oozes
  2 adder zombies (D:6)
  An adder skeleton (D:4)
  2 worms
  2 dart slugs
  3 leopard geckos (D:5)
  34 orcs
  4 bats
  9 giant cockroaches
  7 hobgoblins
  14 jackals
  4 quokkas
  3 ball pythons
  7 frilled lizards
  9 goblins
  A jackal zombie (D:8)
  3 kobolds
  8 rats
178 creatures vanquished.

Notes
Turn   | Place    | Note
-------+----------+-------------------------------------------
     0 | D:1      | Plasmagod the Troll Berserker began the quest for the Orb.
     0 | D:1      | Reached XP level 1. HP: 22/22 MP: 0/0
    96 | D:1      | Reached XP level 2. HP: 29/29 MP: 1/1
   499 | D:1      | Reached XP level 3. HP: 30/36 MP: 2/2
   847 | D:2      | Reached ** piety under Trog
   892 | D:2      | Found a faded altar of an unknown god.
   923 | D:2      | Reached skill level 4 in Unarmed Combat
  1006 | D:2      | Found a burning altar of Makhleb.
  1011 | D:2      | Reached XP level 4. HP: 44/44 MP: 3/3
  1878 | D:3      | Reached XP level 5. HP: 51/52 MP: 4/4
  1887 | D:3      | Reached *** piety under Trog
  2169 | D:4      | Reached skill level 5 in Unarmed Combat
  2260 | D:4      | Noticed a phantom
  2275 | D:4      | Killed a phantom
  2275 | D:4      | Reached XP level 6. HP: 61/61 MP: 5/5
  2375 | D:4      | Reached skill level 6 in Unarmed Combat
  2458 | D:4      | Noticed Edmund
  2476 | D:4      | Reached skill level 1 in Stealth
  2482 | D:4      | Killed Edmund
  2482 | D:4      | Reached XP level 7. HP: 54/67 MP: 6/6
  2527 | D:4      | Found a blossoming altar of Fedhas.
  2816 | D:5      | Entered Level 5 of the Dungeon
  2826 | D:5      | Noticed a water elemental
  2847 | D:5      | Reached skill level 7 in Unarmed Combat
  2902 | D:5      | Reached **** piety under Trog
  3104 | D:5      | Found a runed translucent door.
  3105 | D:5      | Noticed Crazy Yiuf
  3113 | D:5      | Cast into level 1 of the Abyss (Crazy Yiuf)
  3148 | Abyss:1  | Noticed a neqoxec
  3170 | Abyss:1  | Noticed a silent spectre
  3187 | Abyss:1  | Noticed a glowing orange brain
  3203 | Abyss:1  | Killed a silent spectre
  3203 | Abyss:1  | Reached XP level 8. HP: 35/75 MP: 7/7
  3204 | Abyss:1  | Lost intelligence.
  3210 | Abyss:1  | Killed a glowing orange brain
  3210 | Abyss:1  | Reached skill level 8 in Unarmed Combat
  3214 | D:5      | Escaped the Abyss
  3216 | D:5      | Killed Crazy Yiuf
  3256 | D:5      | Found a stormy altar of Qazlal.
  3258 | D:5      | Noticed an air elemental
  3392 | D:5      | Found a staircase to the Ecumenical Temple.
  3569 | D:6      | Reached skill level 9 in Unarmed Combat
  3936 | D:6      | Reached skill level 5 in Dodging
  3936 | D:6      | Reached XP level 9. HP: 84/84 MP: 8/8
  4013 | D:6      | Gained mutation: You have sharp toenails. [potion of
                  | mutation]
  4013 | D:6      | Gained mutation: You have a pair of small horns on your
                  | head. [potion of mutation]
  4013 | D:6      | Gained mutation: You are weak. (Str -2) [potion of
                  | mutation]
  4013 | D:6      | Gained mutation: You have supernaturally acute eyesight.
                  | (SInv) [potion of mutation]
  4196 | D:7      | Reached skill level 10 in Unarmed Combat
  4235 | D:7      | Got a bloodstained robe
  4236 | D:7      | Identified the +0 robe of Fanaticism {Str+2 Dex+6} (You
                  | found it on level 7 of the Dungeon)
  4509 | D:7      | Found a shadowy altar of Dithmenos.
  4729 | D:8      | Reached ***** piety under Trog
  4752 | D:8      | Found a glowing golden altar of the Shining One.
  4924 | D:8      | Reached skill level 11 in Unarmed Combat
  4927 | D:8      | Noticed a cyclops
  4941 | D:8      | Hit by a large rock thrown by a cyclops

Levels and vault maps discovered:
D:1:      lightli_arrival_boilingwater, layout_loops_corners,
          hangedman_feature_mirror
D:2:      layout_basic, makhleb_heckhound_becter,
          chequers_ecumenical_altar_simple_redux, serial_co_window_serial,
          co_window_paths_a, co_window_paths_a, co_window_paths_a,
          co_window_of_opportunity_a, co_window_of_opportunity_a,
          co_window_corner_a, co_window_paths_b, co_window_corner_ca,
          co_window_paths_c, co_window_2corner, co_window_broadway_a,
          glass_columns_a, glass_columns_b, minmay_misc_feat_x
D:3:      layout_rooms, first_ration, serial_bayou_crossing
D:4:      layout_cave_pools, fedhas_ov_isle_minmay, uniq_edmund
D:5:      layout_cave_pools, minmay_temple_entry_offerings, dk_vineyard_3,
          grunt_decor_resistance, minmay_misc_feat_four_crosses,
          serial_park_tiny_1, nicolae_qazlal_style_of_elements,
          uniq_crazy_yiuf_cottage
D:6:      layout_loops_ring
D:7:      layout_rooms, grunt_dithmenos_smoke
D:8:      minmay_the_grid_octo_tiled_squarecenter
          [minmay_the_grid_octo_tetromino_candy, minmay_the_grid_octo_horde,
          minmay_the_grid_octo_odd_swirl, minmay_the_grid_octo_77,
          minmay_the_grid_square_5x5_megaprize_diamond,
          minmay_the_grid_square_5x5_c,
          minmay_the_grid_square_5x5_half_checkered,
          minmay_the_grid_square_5x5_six_small,
          minmay_the_grid_square_5x5_eight], layout_basic,
          nicolae_overflow_crystal_walls, nicolae_overflow_hidden_temple,
          blue_anna_alchemist [blue_anna_fruit_fields, blue_anna_fruit_fields],
          uniq_erica

Skill      XL: |  1  2  3  4  5  6  7  8  9 |
---------------+----------------------------+-----
Unarmed Combat | 4 5 6 7 9 11 | 11.3
Dodging        | 3 4 5 |  5.3
Fighting       | 3 4 |  4.2
Stealth        | 1 2 3 |  3.3

Action                   |  1- 3 |  4- 6 |  7- 9 || total
-------------------------+-------+-------+-------++-------
Melee: Unarmed           |    97 |   172 |   176 ||   445
       Punch             |     4 |     1 |    10 ||    15
       Kick              |       |       |    25 ||    25
       Headbutt          |       |       |    20 ||    20
Invok: Berserk           |       |     4 |     3 ||     7
       Trog's Hand       |       |       |     1 ||     1
  Use: Scroll            |       |       |     9 ||     9
       Potion            |       |       |     1 ||     1
 Stab: Sleeping          |       |     1 |     4 ||     5
       Distracted        |       |       |     1 ||     1
  Eat: Chunk             |    11 |    17 |    28 ||    56
       Ration            |     1 |       |       ||     1
Armor: Animal skin       |    43 |    50 |    10 ||   103
       Robe              |       |     4 |    18 ||    22
Dodge: Dodged            |    49 |    77 |    69 ||   195
